 Adventure DCSS version bcrawl-1.27.3 (webtiles) character file.

Game seed: 13051354484805603125

256504 FluffGlitter the Martial Artist (level 11, -5/70 HPs)
             Began as an Octopode Monk on July 30, 2020.
             Was the Champion of Yredelemnul.
             Shot with a bolt by an orc knight (12 damage)
             ... in the Orcish Mines.
             The game lasted 01:59:47 (16051 turns).

FluffGlitter the Martial Artist (Octopode Monk)    Turns: 16051, Time: 01:59:47

Health: -5/70      AC: 13    Str: 11    XL:     11   Next: 84%
Magic:  0/16       EV: 14    Int: 13    God:    Yredelemnul [******]
Gold:   1237       SH:  9    Dex: 17    Spells: 6/10 levels left
                                        Lives:  0   Deaths: 2

rFire    . . .     SeeInvis +     - Tentacles (19.7)
rCold    . . .     Gourm    .   P - +0 medium shield
rNeg     . . .     Faith    .   H - +1 hat
rPois    +         Spirit   +   (cloak restricted)
rElec    +         Reflect  .   b - amulet of guardian spirit
rCorr    +         Harm     .   f - ring of see invisible
MR       .....                  h - +5 ring of protection
Stlth    ++++++....             p - +2 ring of protection
HPRegen  0.21/turn              E - ring of resist corrosion
MPRegen  0.15/turn              R - ring of insulation
                                w - ring of poison resistance
                                X - +4 ring of protection
                                (no ring)

@: very slightly contaminated
A: almost no armour, stealthy swim, amphibious, 8 rings, constrict 8, camouflage
1, gelatinous body 1
a: Recall Undead Slaves, Injury Mirror, Animate Dead, Drain Life, Enslave Soul,
Renounce Religion


You were in the Orcish Mines.
You worshipped Yredelemnul.
Yredelemnul was exalted by your worship.
You were not hungry.

You visited 2 branches of the dungeon, and saw 13 of its levels.

You collected 1237 gold pieces.

Inventory:

Hand Weapons
 a - a +0 blowgun
 n - a +0 hunting sling
 v - a +0 hunting sling
Missiles
 d - 371 poisoned tomahawks
 i - 3973 stones (quivered)
 j - 233 poisoned needles
 t - 1774 sling bullets
 y - 1202 arrows
 O - 3 throwing nets {=f}
Armour
 H - a +1 hat (worn)
 P - a +0 medium shield (worn)
Jewellery
 b - an amulet of guardian spirit (around mantle)
 f - a ring of see invisible (left tentacle)
 h - a +5 ring of protection (right tentacle)
 p - a +2 ring of protection (on tentacle)
 q - an uncursed ring of fire
 w - a ring of poison resistance (on tentacle)
 E - a ring of resist corrosion (on tentacle)
 R - a ring of insulation (on tentacle)
 W - a cursed ring of ice
 X - a +4 ring of protection (on tentacle)
Wands
 r - a wand of iceblast (25)
 D - a wand of flame (32)
 G - a wand of polymorph (22)
 I - a wand of digging (2)
 Q - a wand of enslavement (8)
 V - a wand of disintegration (27)
 Z - a wand of random effects (3)
Scrolls
 c - 9 scrolls of remove curse
 m - 3 scrolls of magic mapping
 o - 4 scrolls of enchant armour
 x - 2 scrolls of fog
 C - a scroll of blinking
 K - 9 scrolls of teleportation {unknown}
 M - a scroll of enchant weapon {unknown}
 N - 6 scrolls of identify
 S - 4 scrolls of amnesia
 T - a scroll of immolation {unknown}
 U - a scroll of vulnerability {unknown}
Potions
 g - a potion of haste
 k - 2 potions of flight {unknown}
 l - a potion of cancellation {unknown}
 s - 2 potions of berserk rage {unknown}
 u - a potion of curing
 z - 3 potions of brilliance {unknown}
 A - 6 potions of mutation
 B - 3 potions of might {unknown}
 F - a potion of invisibility {unknown}
 J - a potion of resistance
 L - a potion of agility
Comestibles
 e - 16 rations {!d}


   Skills:
 + Level 4.7 Fighting
 + Level 0.5 Throwing
 * Level 7.1 Dodging
 + Level 11.2 Stealth
 * Level 4.3 Shields
 * Level 14.5 Unarmed Combat
 * Level 4.0 Transmutations
 * Level 7.7 Invocations
 * Level 4.3 Evocations


You had 6 spell levels left.
You knew the following spells:

 Your Spells              Type           Power        Failure   Level  Hunger
a - Ice Form              Ice/Tmut       #.......     100%        4    ######.

Your spell library contained the following spells:

 Spells                   Type           Power        Failure   Level  Hunger
 Throw Frost              Conj/Ice       #.....       90%         2    ####...
 Animate Skeleton         Necr           N/A          98%         1    None
 Freeze                   Ice            #.....       98%         1    None
 Pain                     Necr           #.....       98%         1    None
 Summon Small Mammal      Summ           #...         98%         1    None
 Call Imp                 Summ           #.....       99%         2    ####...
 Call Canine Familiar     Summ           #.......     100%        3    #####..
 Ozocubu's Armour         Chrm/Ice       #.......     100%        3    #####..
 Regeneration             Chrm/Necr      #.........   100%        3    #####..
 Vampiric Draining        Necr           #.........   100%        3    #####..
 Animate Dead             Necr           N/A          100%        4    ######.
 Summon Ice Beast         Ice/Summ       #.......     100%        4    ######.
 Throw Icicle             Conj/Ice       #.......     100%        4    ######.
 Tree Form                Hex/Tmut       N/A          100%        4    ######.
 Bolt of Draining         Conj/Necr      #.........   100%        5    #######
 Summon Lightning Spire   Summ/Air       #.......     100%        5    #######
 Statue Form              Tmut/Erth      #........    100%        6    #######
 Dragon Form              Tmut           ##.....      100%        7    #######
 Necromutation            Tmut/Necr      #.......     100%        8    #######


Dungeon Overview and Level Annotations

Branches:
Dungeon (12/12)            Temple (0/1) D:7            Lair (0/6) D:7
    Orc (1/1) D:8             Elf (0/3) Orc          Vaults (0/3) D:11
 Depths: D:12

Altars:
Cheibriados
Dithmenos
Fedhas
Gozag
Kikubaaqudgha
Makhleb
Trog
Uskayaw
Yredelemnul
The Shining One

Shops:
D:7 [

Annotations:
D:5 1 runed door
D:12 Louise


Innate Abilities, Weirdness & Mutations

You cannot wear most types of armour.
You are very stealthy in the water. (Stealth+)
You are amphibious.
You can wear up to eight rings at the same time.
You can use your tentacles to constrict eight enemies at once.
Your skin changes colour to match your surroundings (Stealth+).
Your rubbery body absorbs attacks. (AC +1, EV +1)


Message History

The orc knight is moderately wounded.
You constrict the orc knight, but do no damage.
You bludgeon the orc knight! Your squeeze misses the orc knight.
The orc knight is heavily wounded.
You constrict the orc knight.
The orc knight hits you with a +0 battleaxe!!!
* * * LOW HITPOINT WARNING * * *
Blink to where?
Press: ? - help, Dir - move target cursor You lose your grip on the orc knight.
You are very lightly contaminated with residual magic.
As you read the scroll of blinking, it crumbles to dust.
The orc knight roars a battlecry!
The orc knight no longer looks unusually strong.
The orc knight roars a battlecry!
The orc knight goes into a battle-frenzy!
There is a staircase back to the Dungeon here.
The orc knight shoots a bolt.
The bolt hits you!
You die...
Your body rises from the dead as a mindless zombie.

............................##
...#......o#.........).......###
..#................#.#.........##
.###.........o....####..........#
# ###............##.#...........
#...).......................
#................#..........#..
.................##..)......####
...........#...@..#......####
........#.#.#.......)....#
........###.#.....>......#
........##...........#..##
....#.# ...##..........# #.#
##.....#..## ## ##.#.#...#
######.## ##


You could see 2 orc knights.

Vanquished Creatures
  Erolcha (Orc)
  A centaur warrior (D:11)
  A deep elf archer (D:11)
  An orc sorcerer (Orc)
  A centaur zombie (D:10)
  Maurice (D:10)
  2 centaur skeletons
  A troll (D:8)
  A meliai zombie (D:10)
  A wyvern (D:9)
  3 hogs (D:7)
  10 yaks
  A human (D:7)
  A warg (Orc)
  Duvessa (D:6)
  2 porcupines (D:7)
  A sky beast (D:5)
  A black bear (D:9)
  6 orc warriors
  A necrophage (D:10)
  A centaur (D:11)
  2 ogres
  A wolf (D:9)
  3 bullfrogs
  A wyvern skeleton (D:9)
  A scorpion (D:9)
  A water moccasin skeleton (D:5)
  A wight (D:10)
  3 electric eels
  A howler monkey (D:9)
  A crimson imp (D:10)
  A quasit (D:5)
  6 jellies
  2 orc priests
  2 hounds
  6 orc wizards
  3 iguanas
  4 worker ants
  A hound skeleton (D:5)
  3 adders
  6 gnolls
  2 shadow imps
  An adder skeleton (D:3)
  3 worms
  A dart slug (D:1)
  3 leopard geckos
  28 orcs
  A giant cockroach (D:1)
  20 goblins
  14 hobgoblins
  3 quokkas
  A ball python (D:1)
  2 bats
  8 frilled lizards
  14 kobolds
  7 rats
196 creatures vanquished.

Vanquished Creatures (collateral kills)
  A hydra (D:8)
  Harold (D:8)
  A catoblepas (D:9)
  2 two-headed ogres
  A centaur warrior (D:11)
  5 death knights (D:11)
  The ghost of dscm the Slicer, a novice KoFi of Uskayaw (D:7)
  An orc knight (Orc)
  A spectral wolf spider (D:7)
  2 cyclopes
  An ugly thing (D:9)
  3 centaur zombies
  A gargoyle (D:11)
  A tormentor (D:11)
  A redback zombie (D:9)
  A harpy zombie (D:10)
  2 trolls
  5 slime creatures (D:11)
  A hippogriff (D:6)
  A centaur simulacrum (D:9)
  2 meliai zombies
  2 shadows
  11 yaks
  A vampire (D:9)
  4 wraiths (D:11)
  Eustachio (D:5)
  A vampire mosquito (D:11)
  A hog (D:7)
  A hungry ghost (D:11)
  A soldier ant (D:10)
  5 wargs
  An acid dragon (D:9)
  A crocodile (D:6)
  A water moccasin (D:7)
  5 porcupines (D:7)
  7 orc warriors
  3 sky beasts
  2 necrophages (D:10)
  A phantom (D:11)
  3 ogres
  4 centaurs
  4 big kobolds
  4 bullfrogs
  5 killer bees (D:8)
  7 wights
  5 electric eels (D:6)
  2 howler monkeys
  3 crimson imps
  A hound (D:7)
  6 orc priests
  3 centaur skeletons
  A jelly (D:10)
  5 orc wizards
  A bullfrog skeleton (D:7)
  Jessica (D:3)
  3 iguanas
  Ijyb (D:5)
  Terence (D:3)
  5 worker ants
  Natasha (thrice) (D:3)
  A killer bee zombie (D:8)
  A hound skeleton (D:4)
  2 hound zombies
  2 mummies (D:10)
  8 gnolls
  7 adders
  A hound simulacrum (D:9)
  A shadow imp (D:7)
  2 oozes
  An adder skeleton (D:8)
  2 worms
  3 dart slugs
  A leopard gecko (D:3)
  28 orcs
  11 goblins
  17 hobgoblins
  6 jackals
  7 kobolds
  A quokka (D:5)
  A frilled lizard (D:3)
  2 butterflies
  18 fungi (D:7)
  11 plants (D:7)
  5 withered plants
291 creatures vanquished.

Vanquished Creatures (others)
  3 skeletal warriors
  A phantasmal warrior (D:11)
  A spectral elf (D:11)
  A tormentor (D:11)
  A vampire (D:11)
  5 flying skulls
  3 wraiths
  3 warg zombies (Orc)
  3 wights
  2 centaur skeletons (D:11)
  2 mummies
  5 orc zombies (Orc)
  An orc (D:9)
  3 human zombies
  18 fungi (D:7)
  2 plants (D:7)
  A withered plant (D:10)
55 creatures vanquished.

Grand Total: 542 creatures vanquished

Notes
Turn   | Place    | Note
-------+----------+-------------------------------------------
     0 | D:1      | FluffGlitter the Octopode Monk began the quest for the Orb.
     0 | D:1      | Reached XP level 1. HP: 16/16 MP: 2/2
   149 | D:1      | Reached XP level 2. HP: 21/21 MP: 3/3
   512 | D:1      | Reached XP level 3. HP: 26/26 MP: 4/4
  1149 | D:2      | Found a basalt altar of Yredelemnul.
  1157 | D:2      | Became a worshipper of Yredelemnul the Dark
  1157 | D:2      | Reached * piety under Yredelemnul
  1157 | D:2      | Reached ** piety under Yredelemnul
  1869 | D:4      | Reached XP level 4. HP: 28/31 MP: 3/5
  1872 | D:4      | Reached skill level 4 in Unarmed Combat
  1960 | D:4      | Reached skill level 5 in Stealth
  1960 | D:4      | Reached XP level 5. HP: 34/36 MP: 4/6
  1980 | D:5      | Entered Level 5 of the Dungeon
  2099 | D:3      | Found a faded altar of an unknown god.
  2162 | D:3      | Noticed Jessica
  2167 | D:3      | Killed Jessica
  2479 | D:3      | Noticed Natasha
  2491 | D:3      | Killed Natasha
  2500 | D:3      | Found a glowing golden altar of the Shining One.
  2510 | D:3      | Noticed Terence
  2515 | D:3      | Noticed Natasha
  2516 | D:3      | Killed Terence
  2520 | D:3      | Your ally Jessica died
  2521 | D:3      | Killed Natasha
  2521 | D:3      | Reached XP level 6. HP: 42/42 MP: 8/8
  2771 | D:3      | Noticed Natasha
  2776 | D:3      | Killed Natasha
  2776 | D:3      | Reached *** piety under Yredelemnul
  3073 | D:4      | Got a jewelled dagger
  3118 | D:4      | Reached skill level 5 in Unarmed Combat
  3147 | D:4      | Noticed a sky beast
  3168 | D:4      | Killed a sky beast
  3168 | D:4      | Reached XP level 7. HP: 26/46 MP: 5/9
  4186 | D:5      | Found a burning altar of Makhleb.
  4186 | D:5      | Noticed Eustachio
  4208 | D:5      | Killed Eustachio
  4338 | D:5      | Reached skill level 6 in Unarmed Combat
  4446 | D:5      | Reached XP level 8. HP: 52/52 MP: 10/10
  4462 | D:5      | Found an opulent altar of Gozag.
  4462 | D:5      | Found a shadowy altar of Dithmenos.
  4462 | D:5      | Found an ancient bone altar of Kikubaaqudgha.
  4473 | D:5      | Found a blossoming altar of Fedhas.
  4473 | D:5      | Noticed Ijyb
  4483 | D:5      | Killed Ijyb
  4903 | D:5      | Found a runed door.
  5017 | D:5      | Found a bloodstained altar of Trog.
  5017 | D:5      | Found a snail-covered altar of Cheibriados.
  5355 | D:6      | Reached skill level 5 in Dodging
  5492 | D:6      | Reached **** piety under Yredelemnul
  5587 | D:6      | Reached skill level 7 in Unarmed Combat
  5804 | D:6      | Noticed a troll
  5812 | D:6      | Killed a troll
  5844 | D:6      | Reached skill level 8 in Unarmed Combat
  5866 | D:6      | Reached XP level 9. HP: 58/58 MP: 11/11
  6664 | D:6      | Reached skill level 9 in Unarmed Combat
  6910 | D:6      | Noticed Duvessa
  6918 | D:6      | Killed Duvessa
  7157 | D:6      | Reached ***** piety under Yredelemnul
  7387 | D:7      | Found a staircase to the Ecumenical Temple.
  7427 | D:7      | Found Asynn's Armour Shoppe.
  7550 | D:7      | Found a staircase to the Lair.
  7554 | D:7      | Reached skill level 10 in Unarmed Combat
  7862 | D:7      | Reached XP level 10. HP: 57/63 MP: 10/13
  7942 | D:7      | Found a runed translucent gate.
  7943 | D:7      | Found a runed translucent gate.
  7943 | D:7      | Found a runed translucent gate.
  7945 | D:7      | Noticed dscm's ghost (novice KoFi)
  7945 | D:7      | Noticed a spectral wolf spider
  8114 | D:7      | Reached skill level 5 in Invocations
  8119 | D:7      | Reached skill level 11 in Unarmed Combat
  8486 | D:7      | Killed a spectral wolf spider
  8489 | D:7      | Killed dscm's ghost
  8866 | D:8      | Reached skill level 12 in Unarmed Combat
  8883 | D:8      | Reached skill level 10 in Stealth
  8889 | D:8      | Noticed a six-headed hydra
  8904 | D:8      | Killed a six-headed hydra
  9104 | D:8      | Found a staircase to the Orcish Mines.
  9291 | D:8      | Slain by an orc warrior
  9292 | D:8      | Reached XP level 9. HP: 0/58 MP: 0/13
  9293 | D:8      | Reached XP level 10. HP: 63/63 MP: 14/14
  9439 | D:8      | Found a hide-covered altar of Uskayaw.
  9442 | D:8      | Noticed a +0 dagger
  9442 | D:8      | Noticed a +0 dagger
  9442 | D:8      | Noticed Harold
  9461 | D:8      | HP: 3/63 [Harold/bolt of fire (17)]
  9461 | D:8      | Killed Harold
  9941 | D:8      | Reached skill level 1 in Shields
 10521 | D:8      | Learned a level 4 spell: Ice Form
 10825 | D:9      | Reached skill level 13 in Unarmed Combat
 11294 | D:10     | Entered Level 10 of the Dungeon
 11375 | D:10     | Noticed a cyclops
 11557 | D:9      | Noticed a catoblepas
 11582 | D:9      | Killed a catoblepas
 11582 | D:9      | Reached skill level 1 in Transmutations
 11582 | D:9      | Reached skill level 1 in Evocations
 11661 | D:10     | Noticed a two-headed ogre
 11796 | D:9      | Noticed a purple ugly thing
 11806 | D:9      | Killed a purple ugly thing
 11809 | D:9      | Reached XP level 11. HP: 69/69 MP: 15/15
 12256 | D:9      | Noticed a cyclops
 12263 | D:9      | Killed a cyclops
 13055 | D:10     | Killed a cyclops
 13254 | D:10     | Noticed Maurice
 13270 | D:10     | Killed Maurice
 13316 | D:10     | Killed a two-headed ogre
 13600 | D:10     | Noticed Fannar
 13611 | D:10     | Killed Fannar
 13611 | D:10     | Enslaved Fannar
 14076 | D:10     | Reached skill level 14 in Unarmed Combat
 14131 | D:11     | Noticed a centaur warrior
 14443 | D:11     | Slain by a large slime creature
 14444 | D:11     | Reached XP level 10. HP: -2/64 MP: 0/15
 14462 | D:11     | Noticed a centaur warrior
 14486 | D:11     | Noticed a death knight
 14492 | D:11     | Noticed a death knight
 14497 | D:11     | Killed a centaur warrior
 14497 | D:11     | Reached XP level 11. HP: 26/70 MP: 3/16
 14498 | D:11     | Killed a death knight
 14513 | D:11     | Noticed a two-headed ogre
 14522 | D:11     | Noticed a death knight
 14525 | D:11     | Noticed a death knight
 14525 | D:11     | Killed a two-headed ogre
 14529 | D:11     | Killed a death knight
 14533 | D:11     | Killed a death knight
 14540 | D:11     | Noticed a death knight
 14664 | D:11     | Your ally Fannar died
 14675 | D:11     | Killed a death knight
 14686 | D:11     | Killed a death knight
 14815 | D:11     | Got an ivory broad axe
 14893 | D:11     | Killed a centaur warrior
 14945 | D:12     | Entered Level 12 of the Dungeon
 14959 | D:12     | Noticed Louise
 15083 | D:11     | Noticed a deep elf archer
 15100 | D:11     | Killed a deep elf archer
 15122 | D:11     | Found a gate to the Vaults.
 15122 | D:11     | Noticed a vault guard
 15124 | D:11     | Noticed an unseen horror
 15219 | D:11     | Reached ****** piety under Yredelemnul
 15614 | Orc      | Entered the Orcish Mines
 15614 | Orc      | Found a staircase to the Elven Halls.
 15657 | Orc      | Noticed an orc sorcerer
 15667 | Orc      | Killed an orc sorcerer
 15835 | Orc      | Noticed an orc knight
 15840 | Orc      | Noticed Erolcha
 15845 | Orc      | Noticed an orc knight
 15851 | Orc      | Killed an orc knight
 15996 | Orc      | Killed Erolcha
 16000 | Orc      | Noticed an orc knight
 16004 | Orc      | Noticed an orc knight
 16051 | Orc      | Shot with a bolt by an orc knight

Skill      XL: |  1  2  3  4  5  6  7  8  9 10 11 |
---------------+----------------------------------+-----
Stealth        | 4 5 6 7 8 9 11 | 11.2
Unarmed Combat | 4 5 6 8 10 13 14 | 14.5
Invocations    | 3 4 7 |  7.7
Dodging        | 4 5 6 7 |  7.1
Fighting       | 4 |  4.7
Shields        | 2 4 |  4.3
Transmutations | 1 4 |  4.0
Evocations     | 1 4 |  4.3
Throwing       | |  0.5

Action                   |  1- 3 |  4- 6 |  7- 9 | 10-12 || total
-------------------------+-------+-------+-------+-------++-------
Melee: Unarmed           |    81 |    90 |   197 |   332 ||   700
       Constrict         |    26 |    33 |    56 |    54 ||   169
       Tentacles         |     9 |    16 |    36 |    90 ||   151
       Punch             |     2 |     2 |    16 |    34 ||    54
 Fire: Blowgun           |       |       |       |     1 ||     1
Throw: Stone             |     4 |       |     4 |     1 ||     9
Invok: Animate Remains   |       |     4 |       |       ||     4
       Animate Dead      |       |       |     5 |     7 ||    12
       Recall Undead Sla |       |       |       |     6 ||     6
       Enslave Soul      |       |       |       |     1 ||     1
Evoke: Wand              |       |       |       |     4 ||     4
  Use: Scroll            |       |       |    10 |     2 ||    12
       Potion            |       |       |       |     6 ||     6
 Stab: Sleeping          |    14 |     8 |    10 |    14 ||    46
       Distracted        |       |       |     2 |     4 ||     6
  Eat: Chunk             |     4 |     4 |    11 |    14 ||    33
       Ration            |       |     1 |     3 |     6 ||    10
Armor: Skin              |    10 |    16 |    39 |    66 ||   131
Dodge: Dodged            |    30 |    56 |   156 |   173 ||   415
Block: Medium shield     |       |       |       |    94 ||    94
